Map: Crête de Lerilak 1G3500

Players

Anoss

  • Race: Terran Terran

Pouilleux - Winner!

  • Race: Zerg Zerg
  • League: Master

VOD

Have the link to the VOD?

Description

Time

  • Played on: Feb. 4, 2016, 12:34 a.m.
  • Length: 7:30
Show
View Real Time Build Order
Export as new Build Order

Anoss Terran 

Build Orders: Reaper Expand 

Get SALT Encoding   

  12  0:01  SCV  
  13  0:13  SCV  
  14  0:17  Supply Depot  
  14  0:25  SCV  
  15  0:39  SCV  
  15  0:41  Barracks  
  16  0:45  Refinery  
  16  0:51  SCV  
  17  1:03  SCV  
  18  1:15  SCV  
  19  1:28  Orbital Command  
  19  1:29  Reaper  
  20  1:44  Command Center  
  20  1:55  SCV, Supply Depot  
  21  2:08  Factory  
  21  2:12  SCV  
  21  2:14  Barracks Reactor  
  22  2:24  SCV  
  23  2:36  SCV  
  24  2:49  Command Center  
  24  2:56  Orbital Command  
  23  3:02  SCV, Starport  
  23  3:05  Barracks  
  24  3:10  Barracks  
  24  3:11  Hellion  
  26  3:14  SCV  
  26  3:16  Hellion  
  29  3:26  SCV  
  30  3:31  Barracks Tech Lab  
  30  3:32  SCV  
  31  3:36  Hellion  
  31  3:38  SCV  
  31  3:40  Hellion  
  36  3:44  SCV  
  36  3:45  Medivac  
  39  3:50  Supply Depot  
  39  3:51  SCV  
  39  3:54  Stimpack  
  39  3:55  Barracks Reactor  
  40  4:00  SCV  
  41  4:03  SCV, Barracks Reactor  
  42  4:12  SCV  
  42  4:14  Supply Depot  
  43  4:19  SCV  
  43  4:23  Supply Depot  
  44  4:24  SCV, Hellion  
  44  4:25  Hellion  
  44  4:28  Medivac  
  52  4:31  SCV  
  52  4:36  Supply Depot  
  52  4:38  SCV, Marine  
  53  4:39  Marine x2  
  53  4:40  Marine  
  53  4:43  SCV  
  58  4:50  SCV  
  58  4:52  Marine  
  60  4:54  Supply Depot  
  60  4:55  SCV  
  60  4:56  Marine x2, Supply Depot  
  60  4:57  Marine  
  64  5:02  SCV  
  65  5:07  SCV  
  65  5:10  Marine  
  65  5:12  Medivac  
  69  5:17  Marine x2  
  69  5:19  Widow Mine x2  
  75  5:25  SCV x2  
  77  5:29  Supply Depot x2  
  77  5:35  Armory  
  77  5:36  Command Center  
  77  5:37  SCV x2  
  77  5:39  Refinery  
  77  5:41  Marine x2  
  81  5:43  Marine x2  
  83  5:56  Marine  
  84  5:59  Marine x2  
  84  6:00  Marine  
  84  6:01  Marine  
  88  6:08  Medivac  
  90  6:14  Marine  
  90  6:16  Marine  
  90  6:17  Marine  
  93  6:28  Marine x2  
  93  6:32  Marine  
  94  6:34  Marine x2  
  66  6:53  Marine x2  
  60  6:55  Orbital Command  
  60  6:57  Command Center  
  56  7:03  Marine x3  
  56  7:11  Marine x2  
Show
View Real Time Build Order
Export as new Build Order

Pouilleux Zerg - Winner!

Build Orders: Hatch First, Muta Ling Bane 

Get SALT Encoding   

  12  0:01  Drone  
  13  0:12  Overlord  
  13  0:17  Drone  
  14  0:30  Drone  
  14  0:31  Drone  
  14  0:34  Drone  
  17  0:51  Hatchery  
  17  0:55  Drone  
  17  0:58  Drone  
  18  1:07  Extractor  
  17  1:15  Spawning Pool  
  17  1:16  Drone  
  17  1:20  Drone  
  18  1:28  Drone  
  19  1:40  Overlord  
  19  1:49  Drone  
  20  2:03  Queen x2  
  20  2:04  Metabolic Boost  
  20  2:06  Zergling x2  
  20  2:07  Zergling x2  
  26  2:13  Drone  
  26  2:15  Drone  
  28  2:22  Drone  
  29  2:28  Drone  
  30  2:33  Drone  
  30  2:35  Drone  
  32  2:43  Drone  
  33  2:47  Hatchery  
  33  2:50  Queen  
  34  2:57  Queen  
  36  3:00  Overlord  
  36  3:15  Overlord  
  36  3:19  Drone x2  
  42  3:20  Drone x5  
  42  3:23  Drone  
  44  3:34  Lair  
  44  3:39  Drone  
  44  3:40  Drone  
  45  3:42  Extractor  
  44  3:50  Drone x4  
  48  3:56  Evolution Chamber  
  48  3:57  Spine Crawler, Queen  
  48  3:58  Evolution Chamber  
  48  4:00  Drone  
  48  4:03  Drone  
  48  4:08  Queen  
  51  4:14  Drone  
  52  4:18  Drone  
  52  4:19  Drone x4  
  52  4:22  Overlord, Extractor  
  56  4:30  Zergling x2  
  57  4:31  Overlord  
  57  4:32  Overlord  
  57  4:41  Drone, Spire  
  57  4:43  Drone x2  
  59  4:51  Overlord  
  59  4:56  Queen  
  61  5:04  Drone  
  61  5:05  Drone x8  
  70  5:07  Overlord  
  70  5:11  Overlord  
  70  5:15  Baneling Nest  
  70  5:17  Zergling x4  
  70  5:18  Zergling x2  
  70  5:19  Zergling x2  
  70  5:21  Zergling x2  
  74  5:24  Zergling x4  
  74  5:25  Zergling x2  
  77  5:33  Zergling x6  
  80  5:39  Drone x3  
  80  5:41  Overlord  
  83  5:58  Baneling x2  
  83  5:59  Baneling x6, Centrifical Hooks  
  83  6:00  Baneling  
  83  6:01  Mutalisk  
  83  6:02  Mutalisk x6  
  97  6:09  Zergling x2  
  97  6:10  Zergling x12  
  104  6:18  Baneling x4  
  104  6:21  Drone  
  104  6:22  Evolution Chamber, Drone  
  104  6:24  Evolution Chamber  
  104  6:25  Mutalisk  
  104  6:27  Overlord x2  
  97  6:47  Mutalisk x4  
  105  6:57  Mutalisk  
  107  7:06  Mutalisk  
  109  7:08  Drone  
  109  7:10  Hatchery  
  109  7:21  Hatchery  
Tags
 
Add a new tag
Caveats
  • Supply blocks, unpowered buildings, or Contaminate may cause inaccurate times.
  • Supply counts are checked every 10 seconds.